 Dungeon Crawl Stone Soup version 0.22.1-6-g1668fe2 (webtiles) character file.

182 Tiagovsky the Magician (level 5, -4/30 HPs)
             Began as a Deep Elf Fire Elementalist on Jan 19, 2019.
             Was an Initiate of Vehumet.
             Blown up by Ijyb (16 damage)
             ... with a wand of disintegration (19)
             ... on level 3 of the Dungeon.
             The game lasted 00:16:16 (3813 turns).

Tiagovsky the Magician (Deep Elf Fire Elementalist) Turns: 3813, Time: 00:16:17

Health: -4/30      AC:  3    Str:  5    XL:     5   Next: 34%
Magic:  9/13       EV: 13    Int: 21    God:    Vehumet [......]
Gold:   110        SH:  0    Dex: 15    Spells: 5/12 levels left

rFire    . . .     SeeInvis .   k - +2 dagger (venom)
rCold    . . .     Gourm    .   (no shield)
rNeg     . . .     Faith    .   t - +0 robe
rPois    .         Spirit   .   (no helmet)
rElec    .         Reflect  .   (no cloak)
rCorr    .         Harm     .   (no gloves)
MR       .....                  s - +0 pair of boots
Stlth    ++........             m - amulet of regeneration
HPRegen  0.50/turn              (no ring)
MPRegen  0.13/turn              (no ring)

@: very slightly contaminated
A: no striking features
a: Renounce Religion


You were on level 3 of the Dungeon.
You worshipped Vehumet.
Vehumet was noncommittal.
You were not hungry.

You visited 1 branch of the dungeon, and saw 3 of its levels.

You collected 110 gold pieces.

Inventory:

Hand Weapons
 b - a +0 dagger
 k - a +2 dagger of venom (weapon)
 q - a +0 hunting sling
 w - a +1 whip
Missiles
 a - 30 sling bullets
 f - 51 stones (quivered)
Armour
 s - a +0 pair of boots (worn)
 t - a +0 robe (worn)
Jewellery
 m - an amulet of regeneration (around neck)
Scrolls
 e - a scroll of identify
 o - a scroll of magic mapping
 p - a scroll of fear {unknown}
 r - a scroll of amnesia {unknown}
Potions
 d - 2 potions of curing {unknown}
 g - a potion of haste {unknown}
 h - a potion of flight {unknown}
 i - 3 potions of cancellation
 j - a potion of might {unknown}
 l - 2 potions of brilliance {unknown}
Comestibles
 c - 5 rations
 n - 4 chunks of flesh


   Skills:
 + Level 1.8 Fighting
 - Level 0.2 Maces & Flails
 - Level 2.4 Dodging
 - Level 2.4 Stealth
 + Level 4.4 Spellcasting
 + Level 2.8 Conjurations
 + Level 4.4 Fire Magic


You had 5 spell levels left.
You knew the following spells:

 Your Spells              Type           Power        Failure   Level  Hunger
a - Flame Tongue          Conj/Fire      ###..        2%          1    None
b - Throw Flame           Conj/Fire      ###...       3%          2    #......
c - Conjure Flame         Conj/Fire      ###.....     8%          3    ##.....
d - Magic Dart            Conj           ###.         3%          1    None

Your spell library contained the following spells:

 Spells                   Type           Power        Failure   Level  Hunger
 Inner Flame              Hex/Fire       ##......     14%         3    ##.....
 Sticky Flame             Conj/Fire      ###.....     26%         4    ####...
 Fireball                 Conj/Fire      ###.......   56%         5    ######.


Dungeon Overview and Level Annotations

Branches:
Dungeon (3/15)

Altars:
Hepliaklqana
Kikubaaqudgha
Sif Muna
Vehumet

Annotations:
D:3 Ijyb


Message History

Aim: Ijyb, wearing a scale mail and carrying a wand of disintegration (20)
You miscast Flame Tongue.
You are very lightly contaminated with residual magic.
Nothing appears to happen.
Casting: Flame Tongue (safe; 2% risk of failure)
Confirm with . or Enter, or press ? or * to list all spells.
Aiming: Flame Tongue (safe; 2% risk of failure)
Press: ? - help, Shift-Dir - straight line, f/p - Ijyb
Aim: Ijyb, wearing a scale mail and carrying a wand of disintegration (20)
The flame tongue misses Ijyb.
Casting: Flame Tongue (safe; 2% risk of failure)
Confirm with . or Enter, or press ? or * to list all spells.
Aiming: Flame Tongue (safe; 2% risk of failure)
Press: ? - help, Shift-Dir - straight line, f/p - Ijyb
Aim: Ijyb, wearing a scale mail and carrying a wand of disintegration (20)
The flame tongue misses Ijyb.
Ijyb zaps a wand.
You are blasted!
* * * LOW HITPOINT WARNING * * *
Ijyb zaps a wand.
You are blasted!
Ouch! That really hurt!
You die...

#######.## # #.# # #.# ##
#[# .######.###### #####
.............# #...#
.####.....##.####
###.#.### ##
#...........#####...#...#
#...........@.....#####.#
#......#.###.####.g.#...#
##........##.# ###.#.###
#......##.##.######...#
#......##........###.##
#####.#..#...........##.g#
......##.#.#.........##.##
.............#.......##.#
......####...........##.#


You could see Ijyb.

Vanquished Creatures
  An orc priest (D:3)
  Jessica (D:2)
  2 adders
  2 oozes
  4 worms
  A leopard gecko (D:1)
  3 orcs (D:3)
  A ball python (D:2)
  12 bats
  4 giant cockroaches
  10 goblins
  7 hobgoblins
  8 jackals
  2 quokkas (D:2)
  9 frilled lizards
  9 kobolds
  A quokka skeleton (D:2)
  4 rats
81 creatures vanquished.

Notes
Turn   | Place    | Note
-------+----------+-------------------------------------------
     0 | D:1      | Tiagovsky the Deep Elf Fire Elementalist began the quest
                  | for the Orb.
     0 | D:1      | Reached XP level 1. HP: 10/10 MP: 6/6
   189 | D:1      | Reached XP level 2. HP: 16/16 MP: 6/8
   294 | D:1      | Learned a level 2 spell: Throw Flame
   548 | D:1      | Reached XP level 3. HP: 19/20 MP: 5/9
   668 | D:1      | Reached skill level 1 in Fighting
  1028 | D:1      | Learned a level 3 spell: Conjure Flame
  1381 | D:2      | Found a hazy altar of Hepliaklqana.
  1949 | D:2      | Reached XP level 4. HP: 12/25 MP: 5/11
  2294 | D:2      | Found a radiant altar of Vehumet.
  2297 | D:2      | Noticed Jessica
  2312 | D:2      | Killed Jessica
  2480 | D:2      | Found an ancient bone altar of Kikubaaqudgha.
  2481 | D:2      | Found a deep blue altar of Sif Muna.
  2489 | D:2      | Identified Vehumet's Volume of Confrontation
  2492 | D:2      | Became a worshipper of Vehumet
  2501 | D:2      | Learned a level 1 spell: Magic Dart
  3168 | D:3      | Reached XP level 5. HP: 29/30 MP: 6/13
  3790 | D:3      | Noticed Ijyb
  3813 | D:3      | Blown up by Ijyb

Skill      XL: |  1  2  3  4 |
---------------+-------------+-----
Fighting       | 1 |  1.8
Conjurations   | 2 |  2.8
Fire Magic     | 4 |  4.4
Spellcasting   | 4 |  4.4
Maces & Flails | |  0.2
Dodging        | |  2.4
Stealth        | |  2.4

Action                   |  1- 3 |  4- 6 || total
-------------------------+-------+-------++-------
Melee: Dagger            |    25 |       ||    25
       Whip              |       |     3 ||     3
 Cast: Flame Tongue      |    80 |    57 ||   137
       Throw Flame       |    14 |    12 ||    26
       Conjure Flame     |       |     1 ||     1
  Use: Scroll            |       |     5 ||     5
  Eat: Chunk             |     3 |     6 ||     9
Armor: Robe              |    10 |     1 ||    11
Dodge: Dodged            |    50 |    19 ||    69
